 Dungeon Crawl Stone Soup version 0.29.0-13-gc9e81de378 (webtiles) character file.

Game seed: 305128329861000685

48 Arum the Digger (level 4, -1/30 HPs)
             Began as a Formicid Earth Elementalist on Sept 9, 2022.
             Slain by a goblin
             ... wielding a +0 club
             ... led by Robin
              (6 damage)
             ... on level 2 of the Dungeon.
             The game lasted 00:01:39 (1189 turns).

Arum the Digger (Formicid Earth Elementalist)       Turns: 1189, Time: 00:01:40

Health: -1/30      AC:  2    Str: 12    XL:     4   Next: 0%
Magic:  1/9        EV: 12    Int: 17    God:
Gold:   69         SH:  0    Dex: 14    Spells: 6/10 levels left

rFire   . . .      SeeInvis +   (no weapon)
rCold   . . .      Faith    .   (no shield)
rNeg    + . .      Spirit   .   a - +0 robe
rPois   .          Reflect  .   (helmet unavailable)
rElec   .          Harm     .   (no cloak)
rCorr   .          Rampage  .   (no gloves)
Will    .....                   (no boots)
Stlth   ++........              (no amulet)
HPRegen 0.10/turn               e - ring of positive energy
MPRegen 0.11/turn               (no ring)

@: no status effects
A: permanent stasis, dig shafts and tunnels, antennae 3, four strong arms
a: Dig, Shaft Self


You were on level 2 of the Dungeon.
You visited 1 branch of the dungeon, and saw 2 of its levels.

You collected 69 gold pieces.

Inventory:

Armour
 a - a +0 robe (worn)
Jewellery
 e - a ring of positive energy (left hand)
Scrolls
 c - a scroll of butterflies {unknown}
 h - a scroll of silence {unknown}
 j - a scroll of amnesia {unknown}
 l - a scroll of fear {unknown}
Potions
 b - a potion of magic
 d - a potion of heal wounds {unknown}
 f - a potion of degeneration {unknown}
 g - 2 potions of mutation {unknown}
 i - a potion of invisibility {unknown}
 k - a potion of haste {unknown}


   Skills:
 - Level 1.7 Dodging
 - Level 2.4 Stealth
 * Level 3.5 Spellcasting
 - Level 1.1 Transmutations
 + Level 4.3 Earth Magic


You had 6 spell levels left.
You knew the following spells:

 Your Spells              Type           Power      Damage    Failure   Level
a - Sandblast             Erth           34%        2d9       2%          1
b - Stone Arrow           Conj/Erth      20%        3d8       21%         3

Your spell library contained the following spells:

 Spells                   Type           Power      Damage    Failure   Level
 Passwall                 Tmut/Erth      10%        N/A       9%          2
 Petrify                  Tmut/Erth      12%        N/A       47%         4


Dungeon Overview and Level Annotations

Branches:
Dungeon (2/15)

Altars:

Annotations:
D:2 Robin


Innate Abilities, Weirdness & Mutations

You cannot be hasted, slowed, berserked, paralysed or teleported.
You can dig through walls and to a lower floor.
You have a pair of large antennae on your head. (SInv)
Your four strong arms can wield two-handed weapons with a shield.


Message History

The goblin hits you with a +0 club. The hobgoblin misses you.
Robin hits you with a +0 club. The goblin hits you but does no damage.
Robin closely misses you.
A hobgoblin comes into view.
The hobgoblin closely misses you.
Casting: Sandblast (safe; 2% risk of failure)
Confirm with . or Enter, or press ? or * to list all spells.
Aiming: Sandblast (safe; 2% risk of failure)
Press: ? - help, Shift-Dir - straight line, f/p - Robin
Aim: Robin, wielding a +0 club, wearing a +0 animal skin and wearing a +0 helmet (heavily wounded, 87% to hit)
The blast of sand hits Robin but does no damage.
Robin is heavily wounded.
The goblin hits you but does no damage. The hobgoblin closely misses you.
Robin hits you with a +0 club. The hobgoblin attacks as you move away!
The hobgoblin barely misses you. Robin throws the goblin at you!
Unknown command.
The hobgoblin attacks as you move away!
The hobgoblin hits you but does no damage.
Robin throws the goblin at you!
Unknown command.
The goblin no longer looks unusually strong.
The hobgoblin hits you! Robin hits you with a +0 club.
* * * LOW HITPOINT WARNING * * *
Unknown command.
A hobgoblin comes into view.
Robin roars a battlecry!
The goblins go into a battle-frenzy!
The hobgoblin shouts!
Unknown command.
The hobgoblin attacks as you move away! The hobgoblin hits you.
* * * LOW HITPOINT WARNING * * *
A goblin comes into view. It is wielding a +0 club.
Unknown command.
The hobgoblin attacks as you move away! The hobgoblin barely misses you.
The goblin attacks as you move away! The goblin closely misses you.
A hobgoblin comes into view.
Are you sure you want to shaft yourself?
The goblin hits you with a +0 club.
You die...

#..######....###.##
##...†...+....
#..## {
...#######....
##..# { .........#
###'## # ..........
#....# g#
##........
##....#..#
##....###.
#....>g.# ...##.##
#ggg.g### ##.....#
#@g...# #†....#
#.....# ##.##.#
#.(†### .##.##.#
###.# ....<.†# ..#
.####### .###


You could see Robin, 4 hobgoblins and 2 goblins.

Vanquished Creatures
  An adder (D:2)
  A dart slug (D:1)
  4 endoplasms
  5 goblins
  A hobgoblin (D:1)
  A jackal (D:1)
  4 quokkas
  7 ball pythons
  4 bats
  2 frilled lizards (D:1)
  4 kobolds (D:1)
  3 rats
37 creatures vanquished.

Notes
Turn   | Place    | Note
-------+----------+-------------------------------------------
     0 | D:1      | Arum the Formicid Earth Elementalist began the quest for
                  | the Orb.
     0 | D:1      | Reached XP level 1. HP: 13/13 MP: 3/3
   149 | D:1      | Reached XP level 2. HP: 19/19 MP: 3/5
   445 | D:1      | Reached skill level 4 in Earth Magic
   678 | D:1      | Reached XP level 3. HP: 24/24 MP: 4/7
  1137 | D:2      | Learned a level 3 spell: Stone Arrow
  1174 | D:2      | Noticed Robin
  1178 | D:2      | Reached XP level 4. HP: 30/30 MP: 4/9
  1189 | D:2      | Slain by a goblin

Illustrated notes

Levels and vault maps discovered:
D:1:      ebering_trefoil_3fold, layout_basic, minmay_pentomino_o2
D:2:      kennysheep_the_goblin_king, layout_basic, uniq_robin

Skill      XL: |  1  2 |
---------------+-------+-----
Earth Magic    | 4 |  4.3
Spellcasting   | 3 |  3.5
Dodging        | |  1.7
Stealth        | |  2.4
Transmutations | |  1.1

Action                   |  1- 3 |  4- 6 || total
-------------------------+-------+-------++-------
 Cast: Sandblast         |    47 |     5 ||    52
 Abil: Shaft Self        |       |     1 ||     1
Armor: Robe              |     1 |     3 ||     4
Dodge: Dodged            |     3 |     9 ||    12
